 Dungeon Crawl Stone Soup version 0.31-a0-1074-g0b22e4e0f1 (webtiles) character file.

Game seed: 6430330265233582559

132 RepHenryClay the Changeling (level 4, -1/35 HPs)
             Began as a Draconian Shapeshifter on Dec 8, 2023.
             Splashed by a jelly's acid (8 damage)
             ... on level 2 of the Dungeon.
             The game lasted 00:03:15 (1682 turns).

RepHenryClay the Changeling (DrSh)                  Turns: 1682, Time: 00:03:16

Health: -1/35      AC: -11   Str: 13 (16) XL:     4   Next: 92%
Magic:  4/4        EV: 12    Int:  9 (11) God:
Gold:   106        SH:  0    Dex: 11 (12) Spells: 3/3 levels left

rFire   . . .        q - +1 war axe (venom)
rCold   . . .        (no shield)
rNeg    . . .        (body armour unavailable)
rPois   .            (helmet currently unavailable)
rElec   .            (cloak currently unavailable)
rCorr   .            (gloves currently unavailable)
SInv    .            (boots currently unavailable)
Will    +....        (no amulet)
Stlth   +            (no ring)
HPRegen 0.25/turn    (no ring)
MPRegen 0.09/turn

%: no passive effects
@: beast-form, corroded, enlightened, flying
A: beast (slay +2), AC +5, unfitting armour, cold-blooded
a: Begin Untransformation


You were on level 2 of the Dungeon.
You were a hulking beast.
You visited 1 branch of the dungeon, and saw 2 of its levels.

You collected 106 gold pieces.

Inventory:

Hand Weapons
 q - a +1 war axe of venom (weapon)
Talismans
 b - a beast talisman
 c - a flux talisman
 g - a maw talisman
Scrolls
 d - a scroll of brand weapon {unknown}
 e - a scroll of enchant armour {unknown}
 f - a scroll of poison {unknown}
 h - 2 scrolls of teleportation {unknown}
 i - a scroll of fear {unknown}
 j - 2 scrolls of revelation {unknown}
 k - a scroll of vulnerability {unknown}
 l - 2 scrolls of identify {unknown}
 n - a scroll of enchant weapon {unknown}
 r - a scroll of noise {unknown}
Potions
 a - a potion of lignification
 p - a potion of curing {unknown}


   Skills:
 - Level 1.1 Fighting
 + Level 3.5 Dodging
 - Level 3.0 Unarmed Combat
 + Level 4.3 Shapeshifting


You had 3 spell levels left.
You didn't know any spells.
Your spell library contained the following spells:

 Spells                   Type           Power      Damage    Failure   Level
 Inner Flame              Hex/Fire       0%         N/A       77%         3
 Yara's Violent Unravell  Hex/Tmut       0%         3d3       100%        5
 Enfeeble                 Hex            0%         N/A       100%        7


Dungeon Overview and Level Annotations

Branches:
Dungeon (2/15)

Altars:

Shops:
D:1 =


Innate Abilities, Weirdness & Mutations

You are a hulking beast.
Your limbs bulge with bestial killing power. (Slay +2)
Your plain brown scales are hard. (AC +5)
You cannot fit into any form of body armour.
You are cold-blooded and may be slowed by cold attacks.


Message History

As you open the door, it creaks loudly! 2 endoplasms come into view.
The endoplasm quivers. x2
An endoplasm comes into view.
The endoplasm hits the toadstool.
Found a hobgoblin skeleton.
There are monsters nearby!
You hit the endoplasm. You tail-slap the endoplasm.
You kill the endoplasm!
A jelly comes into view.
You hit the jelly. The acid corrodes you!
Your hands burn!
The jelly is moderately wounded.
Something hits the toadstool.
The toadstool is destroyed!
The jelly hits you. The acid corrodes you!
You are splashed with acid!
Huge Dmg: -45%(-16hp) hp: 55%(19hp)
You hit the jelly.
Your hands burn!
The jelly is heavily wounded.
The jelly hits you. The acid corrodes you!
You are splashed with acid!
* * * LOW HITPOINT WARNING * * *
The jelly closely misses you.
Something hits the fungus.
The fungus begins to die.
Huge Dmg: -32%(-11hp) hp: 23%(8hp) Welcome back, RepHenryClay the Draconian Shapeshifter.
Press ? for a list of commands and other information.
Okay, then.
Okay, then.
Okay, then.
It was a potion of enlightenment.
You feel very buoyant.
You fly up into the air.
The jelly closely misses you.
Something hits the fungus.
An endoplasm comes into view.
It was a potion of degeneration.
There was something very wrong with that liquid.
You feel weakened.
You feel dopey.
You feel clumsy. The jelly hits you.
* * * LOW HITPOINT WARNING * * *
The acid corrodes you!
You are splashed with acid!
You die...

##.....## #.......#
#.......# #.......#
#.......# #####
####....# #
##...###..'....#
#####....##.########
....<....###...(.h#
###.#....# #######J#
# ##.#...# J.#
##.#.## P.# #...#
J.# ##..## P.# #
##.#.# P.# ###.##.#
..# ...###.#


You could see a jelly and 2 endoplasms.

Vanquished Creatures
  A scorpion (D:2)
  An adder (D:2)
  4 dart slugs
  3 endoplasms
  4 giant cockroaches (D:1)
  4 goblins
  2 hobgoblins
  8 kobolds (D:2)
  3 quokkas
  6 ball pythons
  3 bats (D:1)
  A frilled lizard (D:1)
  21 rats
61 creatures vanquished.

Notes
Turn   | Place    | Note
-------+----------+-------------------------------------------
     0 | D:1      | RepHenryClay the Draconian Shapeshifter began the quest for
                  | the Orb.
     0 | D:1      | Reached XP level 1. HP: 16/16 MP: 1/1
   121 | D:1      | You fall into a shaft and drop 1 floor!
   138 | D:2      | Reached XP level 2. HP: 23/23 MP: 2/2
   470 | D:1      | Reached XP level 3. HP: 23/28 MP: 3/3
   541 | D:1      | Found Pituzeobb's Jewellery Shoppe.
   896 | D:2      | Found a faded altar of an unknown god.
  1243 | D:2      | Noticed a scorpion
  1251 | D:2      | Killed a scorpion
  1252 | D:2      | Reached skill level 4 in Shapeshifting
  1252 | D:2      | Reached XP level 4. HP: 24/35 MP: 4/4
  1682 | D:2      | Splashed by a jelly's acid

Illustrated notes

Levels and vault maps discovered:
D:1:      minmay_arrival_radiant_lines, layout_basic, serial_shops,
          nicolae_shop_behind_doors
D:2:      cheibrodos_fertilizer, layout_loops_ring,
          ebering_ecumenical_altar_hall, minmay_rat_hole

Skill      XL: |  1  2  3 |
---------------+----------+-----
Dodging        | 2 3 |  3.5
Shapeshifting  | 4 |  4.3
Fighting       | |  1.1
Unarmed Combat | |  3.0

Action                     |  1- 3 |  4- 6 || total
---------------------------+-------+-------++-------
  Melee: Unarmed           |   120 |       ||   120
         Tailslap          |     8 |     2 ||    10
         Punch             |     2 |       ||     2
         War axe           |     4 |    19 ||    23
    Use: Potion            |       |     2 ||     2
   Stab: Sleeping          |     1 |       ||     1
 Armour: Skin              |    57 |    14 ||    71
  Dodge: Dodged            |    59 |    22 ||    81

Table legend: (Time is in decaauts)
 A = Elapsed time spent in this place.
 B = Non-inter-level travel time spent in this place.
 C = Inter-level travel time spent in this place.
 D = Time resting spent in this place.
 E = Time spent auto-exploring this place.
 F = Levels seen in this place.
 G = Mean time per level.
                   A        B        C        D        E       F      G
               +--------+--------+--------+--------+--------+-----+--------+
         Total |   1687 |   1675 |     12 |      0 |   1274 |   2 |  843.5 |
       Dungeon |   1687 |   1675 |     12 |      0 |   1274 |   2 |  843.5 |
               +--------+--------+--------+--------+--------+-----+--------+

Top non-repeatable levels by time:
     D:1: 854 daAuts
     D:2: 832 daAuts
